 Dungeon Crawl Stone Soup version 0.17.1-1-g73c8601 (webtiles) character file.

40 Opium the Chiller (level 3, -1/20 HPs)
             Began as a Gargoyle Ice Elementalist on Dec 23, 2015.
             Slain by a giant gecko (3 damage)
             ... on level 1 of the Dungeon on Dec 24, 2015.
             The game lasted 00:07:13 (1522 turns).

Opium the Chiller (Gargoyle Ice Elementalist)       Turns: 1522, Time: 00:07:13

Health: -1/20      AC:  6    Str: 11    XL:     3   Next: 50%
Magic:  2/6        EV: 12    Int: 16    God:
Gold:   46         SH:  0    Dex: 10    Spells: 2 memorised, 4 levels left

rFire  . . .     SeeInvis .     g - +0 short sword
rCold  . . .     Clarity  .     a - +0 robe
rNeg   + . .     SustAt   .     (no shield)
rPois  ∞         Gourm    .     e - +0 helmet
rElec  +         Spirit   .     (no cloak)
rCorr  .         Warding  .     (no gloves)
rMut   .         Stasis   .     (no boots)
MR     .....                    (no amulet)
Stlth  ++........               (no ring)
                                (no ring)

@: not resistant to hostile enchantments, unstealthy
A: negative energy resistance 1, electricity resistance, unbreathing,
petrification resistance, rot immunity, AC +3
a: no special abilities


You were on level 1 of the Dungeon.
You were not hungry.

You visited 1 branch of the dungeon, and saw 2 of its levels.

You collected 46 gold pieces.

Inventory:

Hand Weapons
 g - a +0 short sword (weapon)
Armour
 a - a +0 robe (worn)
 e - a +0 helmet (worn)
Scrolls
 f - a scroll of immolation {unknown}
Books
 b - a book of Frost

   Spells                             Type                      Level
   a - Freeze                         Ice                          1
   b - Throw Frost                    Conjuration/Ice              2
   c - Ozocubu's Armour               Charms/Ice                   3
   d - Throw Icicle                   Conjuration/Ice              4
   e - Summon Ice Beast               Ice/Summoning                4
   f - Condensation Shield            Ice                          4
Comestibles
 d - a meat ration


   Skills:
 * Level 0.7 Fighting
 * Level 1.9 Dodging
 + Level 2.3 Stealth
 * Level 2.5 Spellcasting
 + Level 1.2 Conjurations
 * Level 3.5 Ice Magic


You had 4 spell levels left.
You knew the following spells:

 Your Spells              Type           Power        Failure   Level  Hunger
a - Freeze                Ice            ##..         6%          1    #......
b - Throw Frost           Conj/Ice       #.....       12%         2    ##.....


Dungeon Overview and Level Annotations

Branches:
Dungeon (2/15)

Altars:


Innate Abilities, Weirdness & Mutations

You are resistant to torment.
Your stone body is resilient (AC +3).
You are immune to poison.
You resist negative energy.
You are resistant to electric shocks.
You can survive without breathing.
You are immune to petrification.
You are immune to rotting.


Message History

Press: ? - help, Shift-Dir - straight line, f - kobold
Aim: a kobold, wielding a short sword You freeze the kobold.
You kill the kobold!
You start resting.
A giant gecko comes into view.
The giant gecko bites you.
* * * LOW HITPOINT WARNING * * *
You see here a short sword.
You see here a short sword.
The giant gecko closely misses you.
Casting: Freeze
Confirm with . or Enter, or press ? or * to list all spells.
Aiming: Freeze
Press: ? - help, Shift-Dir - straight line, f - giant gecko
Aim: a giant gecko (clinging)
You freeze the giant gecko.
The giant gecko is severely wounded.
The giant gecko bites you.
You die...

.# #.##.........# #.### ##
#.############ #.... #.# #..##
####.###### #..# ♣.♣.♣.♣.♣.##
##..# .♣...♣...♣.# ###.#.#
♣.♣.♣.♣.♣.♣## #.....##
...♣...♣..).##############.###...
♣.♣.♣(♣.♣.♣.)..l@)>........# #.##
.♣...♣)..♣.##.#######.####.###.#.
♣.♣.♣.♣.♣.♣##.# #....# #.......#
...♣...♣..†...# ##.##.###.##.#.##
♣.♣.♣.♣.♣.♣#### #..............#
.♣...♣...♣.# #..###≈..≈###..#
♣.♣.♣†♣.♣.♣# #.#...#≈≈#...#.#
...♣...♣...# #.#.⌠.#≈≈#.⌠.#.#
♣.♣.♣.♣.♣.♣# #.#...#≈≈#...#.##


You could see a giant gecko.

Vanquished Creatures
  An adder (D:2)
  An ooze (D:1)
  A worm (D:2)
  2 giant geckos (D:1)
  5 goblins (D:1)
  4 hobgoblins (D:1)
  4 kobolds (D:1)
  A bat (D:2)
  2 giant newts (D:1)
  A rat (D:1)
22 creatures vanquished.

Notes
Turn   | Place    | Note
--------------------------------------------------------------
     0 | D:1      | Opium the Gargoyle Ice Elementalist began the quest for the Orb.
     0 | D:1      | Reached XP level 1. HP: 10/10 MP: 3/3
   308 | D:1      | Reached XP level 2. HP: 15/15 MP: 1/5
   366 | D:1      | Learned a level 2 spell: Throw Frost
  1351 | D:1      | Reached XP level 3. HP: 17/20 MP: 2/6
  1515 | D:1      | HP: 1/20 [giant gecko (3)]
  1522 | D:1      | Slain by a giant gecko

Action                   || total
-------------------------++-------
Melee: Club              ||     5
       Unarmed           ||     3
       Short sword       ||    25
 Cast: Freeze            ||    22
       Throw Frost       ||    18
  Eat: Bread ration      ||     1
